HS
CARROLL HS DRAGONS @ PUYALLUP HS VANDALS
04/06/2060
 
TOP OF THE 1ST
Carroll HS Dragons batting - Pitching for Puyallup HS Vandals : RHP Shawn Fuller
Pitching: RHP Shawn Fuller
Batting: LHB Peter Hinchman 0-0: Ball
1-0: Called Strike
1-1: Called Strike
1-2: Ball
2-2: Ground out 4-3 (Groundball, 4M, EV 90.6 MPH)
Batting: LHB Bobby Potter 0-0: Called Strike
0-1: Ball
1-1: Ball
2-1: SINGLE (Flyball, 56D, EV 92.5 MPH)
Batting: RHB Aiden Mero 0-0: Called Strike
0-1: Ball
1-1: Called Strike
1-2: SINGLE (Line Drive, 8LS, EV 106.9 MPH)
Bobby Potter to second
Batting: LHB Marc Rennie 0-0: Ball
1-0: 3-RUN HOME RUN (Flyball, 9D, EV 93.1 MPH), Distance : 371 ft
Batting: RHB Kuran Tatsumi 0-0: Ball
1-0: Ball
2-0: Ball
3-0: Called Strike
3-1: Swinging Strike
3-2: Strikes out swinging
Batting: LHB Germaine Graham 0-0: Ball
1-0: Ball
2-0: Called Strike
2-1: Foul Ball, location: 2F
2-2: Strikes out swinging
Top of the 1st over - 3 runs, 3 hits, 0 errors, 0 left on base; Carroll HS 3 - Puyallup HS 0
BOTTOM OF THE 1ST
Puyallup HS Vandals batting - Pitching for Carroll HS Dragons : RHP Chandler Trent
Pitching: RHP Chandler Trent
Batting: RHB Cody Dorman 0-0: Called Strike
0-1: Called Strike
0-2: Ball
1-2: Foul Ball, location: 2F
1-2: Ball
2-2: Ball
3-2: Base on Balls
Batting: SHB Bailey Walker 0-0: Foul Ball, location: 2F
0-1: Swinging Strike
0-2: Fielders Choice at 2nd, 4-6 (Groundball, 4S, EV 81.2 MPH)
Batting: LHB Alec Boersen 0-0: Called Strike
0-1: Swinging Strike
0-2: Strikes out looking
Batting: RHB Skyler Musso 0-0: Ball
1-0: Called Strike
1-1: Ball
2-1: Foul Ball, location: 2F
2-2: Strikes out swinging
Bottom of the 1st over - 0 runs, 0 hits, 0 errors, 1 left on base; Carroll HS 3 - Puyallup HS 0
TOP OF THE 2ND
Carroll HS Dragons batting - Pitching for Puyallup HS Vandals : RHP Shawn Fuller
Batting: RHB Bradley Howard 0-0: Called Strike
0-1: Foul Ball, location: 2F
0-2: Foul Ball, location: 2F
0-2: Strikes out looking
Batting: RHB Ty Emanuel 0-0: Ball
1-0: Ball
2-0: SINGLE (Groundball, 6S, EV 66.2 MPH) (infield hit)
Batting: RHB Kyle Askin 0-0: Called Strike
0-1: Fly out, F8 (Line Drive, 8RM, EV 96.2 MPH)
Batting: LHB Peter Hinchman 0-0: Called Strike
0-1: Called Strike
0-2: Foul Ball, location: 2F
0-2: Ball
1-2: Fly out, F9 (Line Drive, 9, EV 103.1 MPH)
Top of the 2nd over - 0 runs, 1 hit, 0 errors, 1 left on base; Carroll HS 3 - Puyallup HS 0
BOTTOM OF THE 2ND
Puyallup HS Vandals batting - Pitching for Carroll HS Dragons : RHP Chandler Trent
Batting: SHB Avery Moon 0-0: Ball
1-0: Fly out, F5 (Popup, 5S, EV 83.8 MPH)
Batting: RHB Al Emmett 0-0: Ball
1-0: Ball
2-0: Called Strike
2-1: SINGLE (Groundball, 4D, EV 108.1 MPH)
Batting: RHB Treshawn Hanchett 0-0: Foul Ball, location: 2F
0-1: Ball
Al Emmett is caught stealing 2nd base 2-4
1-1: Ball
2-1: Ground out 5-3 (Groundball, 5, EV 86.9 MPH)
Bottom of the 2nd over - 0 runs, 1 hit, 0 errors, 0 left on base; Carroll HS 3 - Puyallup HS 0
TOP OF THE 3RD
Carroll HS Dragons batting - Pitching for Puyallup HS Vandals : RHP Shawn Fuller
Batting: LHB Bobby Potter 0-0: Ball
1-0: Ball
2-0: Foul Ball, location: 2F
2-1: Called Strike
2-2: Ball
3-2: SINGLE (Line Drive, 9S, EV 98.8 MPH)
Batting: RHB Aiden Mero 0-0: Foul Ball, location: 2F
0-1: Ball
1-1: Foul Ball, location: 2F
1-2: Fly out, F8 (Flyball, 8LD, EV 95.0 MPH)
Batting: LHB Marc Rennie 0-0: Ball
1-0: Called Strike
1-1: Foul Ball, location: 2F
1-2: SINGLE (Groundball, 6MD, EV 109.4 MPH)
Bobby Potter to second
Runner from 2nd tries for 3rd, OUT! 8-5
Marc Rennie to second
Batting: RHB Kuran Tatsumi 0-0: Called Strike
0-1: Called Strike
0-2: Strikes out swinging
Top of the 3rd over - 0 runs, 2 hits, 0 errors, 1 left on base; Carroll HS 3 - Puyallup HS 0
BOTTOM OF THE 3RD
Puyallup HS Vandals batting - Pitching for Carroll HS Dragons : RHP Chandler Trent
Batting: RHB Blake Sparling 0-0: Called Strike
0-1: Ball
1-1: Ground out 4-3 (Groundball, 34, EV 105.0 MPH)
Batting: RHB David Bowen 0-0: Called Strike
0-1: Ball
1-1: Ball
2-1: DOUBLE (Line Drive, 89D, EV 87.5 MPH)
Batting: RHB Cody Dorman 0-0: Called Strike
0-1: Ball
1-1: Ball
2-1: Foul Ball, location: 2F
2-2: Fly out, F3 (Popup, 23F, EV 93.1 MPH)
Batting: SHB Bailey Walker 0-0: Ball
1-0: Foul Ball, location: 2F
1-1: Ground out 4-3 (Groundball, 4S, EV 88.1 MPH)
Bottom of the 3rd over - 0 runs, 1 hit, 0 errors, 1 left on base; Carroll HS 3 - Puyallup HS 0
TOP OF THE 4TH
Carroll HS Dragons batting - Pitching for Puyallup HS Vandals : RHP Shawn Fuller
Batting: LHB Germaine Graham 0-0: Ball
1-0: Foul Ball, location: 2F
1-1: Foul Ball, location: 2F
1-2: Ball
2-2: Ball
3-2: Fly out, F8 (Flyball, 8RD, EV 88.1 MPH)
Batting: RHB Bradley Howard 0-0: Ball
1-0: Called Strike
1-1: Swinging Strike
1-2: Foul Ball, location: 2F
1-2: Ball
2-2: Ball
3-2: Base on Balls
Batting: RHB Ty Emanuel 0-0: Called Strike
0-1: Ball
1-1: Ball
2-1: Called Strike
2-2: Ground out U3 (Groundball, 3S, EV 72.5 MPH)
Bradley Howard to second
Pitching: LHP Isaac Sentell
Batting: RHB Kyle Askin 0-0: Ground out 5-3 (Groundball, 56, EV 103.1 MPH)
Top of the 4th over - 0 runs, 0 hits, 0 errors, 1 left on base; Carroll HS 3 - Puyallup HS 0
BOTTOM OF THE 4TH
Puyallup HS Vandals batting - Pitching for Carroll HS Dragons : RHP Chandler Trent
Batting: LHB Alec Boersen 0-0: Ball
1-0: Ground out 4-3 (Groundball, 4, EV 97.5 MPH)
Batting: RHB Skyler Musso 0-0: Called Strike
0-1: Ground out 5-3 (Groundball, 56S, EV 65.6 MPH)
Batting: SHB Avery Moon 0-0: Foul Ball, location: 2F
0-1: SINGLE (Flyball, 89S, EV 98.1 MPH)
Batting: RHB Al Emmett 0-0: Called Strike
0-1: Ball
1-1: Swinging Strike
1-2: Hit by Pitch
Avery Moon to second
Pinch Runner at 1st Luther Costa:
Batting: RHB Treshawn Hanchett 0-0: Ball
1-0: Foul Ball, location: 2F
1-1: Ball
2-1: Fielders Choice at 2nd, 6-4 (Groundball, 6, EV 83.1 MPH)
Bottom of the 4th over - 0 runs, 1 hit, 0 errors, 2 left on base; Carroll HS 3 - Puyallup HS 0
TOP OF THE 5TH
Carroll HS Dragons batting - Pitching for Puyallup HS Vandals : LHP Isaac Sentell
Now at 1B: Skyler Musso
Now at 3B: Luther Costa
Batting: LHB Peter Hinchman 0-0: Called Strike
0-1: Foul Ball, location: 2F
0-2: Foul Ball, location: 2F
0-2: Ball
1-2: Ground out 6-3 (Groundball, 6MS, EV 76.9 MPH)
Batting: LHB Bobby Potter 0-0: Ball
1-0: Ball
2-0: Ball
3-0: Base on Balls
Batting: RHB Aiden Mero 0-0: Called Strike
0-1: Ball
1-1: Fly out, F9 (Flyball, 9LM, EV 86.2 MPH)
Batting: LHB Marc Rennie 0-0: Ball
1-0: Fly out, F7 (Flyball, 7S, EV 91.2 MPH)
Top of the 5th over - 0 runs, 0 hits, 0 errors, 1 left on base; Carroll HS 3 - Puyallup HS 0
BOTTOM OF THE 5TH
Puyallup HS Vandals batting - Pitching for Carroll HS Dragons : RHP Chandler Trent
Batting: RHB Blake Sparling 0-0: Called Strike
0-1: Ground out U3 (Groundball, 34, EV 98.1 MPH)
Batting: RHB David Bowen 0-0: Called Strike
0-1: Ball
1-1: Called Strike
1-2: Ball
2-2: Foul Ball, location: 2F
2-2: Foul Ball, location: 2F
2-2: Strikes out swinging
Batting: RHB Cody Dorman 0-0: Ground out 4-3 (Groundball, 4, EV 88.8 MPH)
Bottom of the 5th over - 0 runs, 0 hits, 0 errors, 0 left on base; Carroll HS 3 - Puyallup HS 0
TOP OF THE 6TH
Carroll HS Dragons batting - Pitching for Puyallup HS Vandals : LHP Isaac Sentell
Batting: RHB Kuran Tatsumi 0-0: Foul Ball, location: 2F
0-1: Ball
1-1: Swinging Strike
1-2: Foul Ball, location: 2F
1-2: Strikes out swinging
Batting: LHB Germaine Graham 0-0: Ball
1-0: Ball
2-0: Ball
3-0: Called Strike
3-1: Base on Balls
Batting: RHB Bradley Howard 0-0: Called Strike
0-1: Ball
1-1: Called Strike
1-2: Fly out, F7 (Flyball, 78S, EV 81.9 MPH)
Batting: RHB Ty Emanuel 0-0: Called Strike
0-1: Called Strike
0-2: Ball
1-2: Strikes out swinging
Top of the 6th over - 0 runs, 0 hits, 0 errors, 1 left on base; Carroll HS 3 - Puyallup HS 0
BOTTOM OF THE 6TH
Puyallup HS Vandals batting - Pitching for Carroll HS Dragons : RHP Chandler Trent
Batting: SHB Bailey Walker 0-0: Foul Ball, location: 2F
0-1: Called Strike
0-2: Strikes out swinging
Batting: LHB Alec Boersen 0-0: Ball
1-0: Ball
2-0: Called Strike
2-1: Ball
3-1: Base on Balls
Pitching: LHP Rod Sharpley
Batting: RHB Skyler Musso 0-0: Called Strike
0-1: Ball
1-1: Swinging Strike
1-2: Strikes out swinging
Batting: SHB Avery Moon 0-0: Ball
1-0: Ball
2-0: Foul Ball, location: 2F
2-1: Ball
3-1: Fly out, F9 (Flyball, 9, EV 85.6 MPH)
Bottom of the 6th over - 0 runs, 0 hits, 0 errors, 1 left on base; Carroll HS 3 - Puyallup HS 0
TOP OF THE 7TH
Carroll HS Dragons batting - Pitching for Puyallup HS Vandals : LHP Isaac Sentell
Batting: RHB Kyle Askin 0-0: Ball
1-0: Ball
2-0: SINGLE (Line Drive, 89S, EV 85.6 MPH)
Batting: LHB Peter Hinchman 0-0: Bunted foul
0-1: Bunted foul
0-2: Ball
1-2: Ball
2-2: Fielders Choice at 2nd, 4-6 (Groundball, 4, EV 97.5 MPH)
Batting: LHB Bobby Potter 0-0: Called Strike
Peter Hinchman steals 2nd base
0-1: Foul Ball, location: 2F
0-2: Ball
1-2: Foul Ball, location: 2F
1-2: 2-RUN HOME RUN (Flyball, 89XD, EV 105.0 MPH), Distance : 419 ft
Batting: RHB Aiden Mero 0-0: Called Strike
0-1: Foul Ball, location: 2F
0-2: Ball
1-2: Ball
2-2: Foul Ball, location: 2F
2-2: Ball
3-2: Foul Ball, location: 2F
3-2: Foul Ball, location: 2F
3-2: Base on Balls
Pitching: RHP Jerry Francis
Batting: LHB Marc Rennie 0-0: Ball
1-0: Ball
Aiden Mero steals 2nd base
2-0: Ball
3-0: Fly out, F9 (Flyball, 9LM, EV 90.6 MPH)
Batting: RHB Kuran Tatsumi 0-0: Ball
1-0: Foul Ball, location: 2F
1-1: Foul Ball, location: 2F
1-2: Strikes out looking
Top of the 7th over - 2 runs, 2 hits, 0 errors, 1 left on base; Carroll HS 5 - Puyallup HS 0
BOTTOM OF THE 7TH
Puyallup HS Vandals batting - Pitching for Carroll HS Dragons : LHP Rod Sharpley
Batting: RHB Luther Costa 0-0: Ball
1-0: Foul Ball, location: 2F
1-1: Foul Ball, location: 2F
1-2: Fly out, F7 (Line Drive, 78M, EV 91.2 MPH)
Batting: RHB Treshawn Hanchett 0-0: Called Strike
0-1: Swinging Strike
0-2: Ball
1-2: Ball
2-2: Ground out 5-3 (Groundball, 5, EV 83.1 MPH)
Batting: RHB Blake Sparling 0-0: Ball
1-0: Ball
2-0: Ball
3-0: Called Strike
3-1: Foul Ball, location: 2F
3-2: Base on Balls
Batting: RHB David Bowen 0-0: Ball
1-0: Called Strike
1-1: Ball
2-1: Ball
3-1: Base on Balls
Blake Sparling to second
Batting: RHB Cody Dorman 0-0: Ball
1-0: Ground out U3 (Groundball, 34, EV 103.8 MPH)
Bottom of the 7th over - 0 runs, 0 hits, 0 errors, 2 left on base; Carroll HS 5 - Puyallup HS 0
TOP OF THE 8TH
Carroll HS Dragons batting - Pitching for Puyallup HS Vandals : RHP Jerry Francis
Batting: LHB Germaine Graham 0-0: Ground out 4-3 (Groundball, 34D, EV 86.9 MPH)
Batting: RHB Bradley Howard 0-0: Ball
1-0: SINGLE (Line Drive, 56D, EV 100.0 MPH)
Batting: RHB Ty Emanuel 0-0: Ball
Bradley Howard is caught stealing 2nd base 2-4
1-0: Foul Ball, location: 2F
1-1: Swinging Strike
1-2: Foul Ball, location: 2F
1-2: Foul Ball, location: 2F
1-2: Ball
2-2: Ball
3-2: Foul Ball, location: 2F
3-2: Foul Ball, location: 2F
3-2: Base on Balls
Batting: RHB Kyle Askin 0-0: Called Strike
0-1: Foul Ball, location: 2F
0-2: Foul Ball, location: 2F
0-2: Strikes out swinging
Top of the 8th over - 0 runs, 1 hit, 0 errors, 1 left on base; Carroll HS 5 - Puyallup HS 0
BOTTOM OF THE 8TH
Puyallup HS Vandals batting - Pitching for Carroll HS Dragons : LHP Rod Sharpley
Batting: SHB Bailey Walker 0-0: Ball
1-0: Swinging Strike
1-1: Ball
2-1: Swinging Strike
2-2: Ball
3-2: Foul Ball, location: 2F
3-2: Ground out 6-3 (Groundball, 6, EV 109.4 MPH)
Batting: LHB Alec Boersen 0-0: Swinging Strike
0-1: Ball
1-1: Foul Ball, location: 2F
1-2: Ball
2-2: Fly out, F9 (Flyball, 9D, EV 101.9 MPH)
Batting: RHB Skyler Musso 0-0: SINGLE (Groundball, 6MD, EV 99.4 MPH)
Pitching: RHP Devin Nagy
Batting: SHB Avery Moon 0-0: Called Strike
0-1: Ball
1-1: Ball
2-1: Ball
3-1: Foul Ball, location: 2F
3-2: Foul Ball, location: 2F
3-2: Ground out 5-3 (Groundball, 56S, EV 83.8 MPH)
Bottom of the 8th over - 0 runs, 1 hit, 0 errors, 1 left on base; Carroll HS 5 - Puyallup HS 0
TOP OF THE 9TH
Carroll HS Dragons batting - Pitching for Puyallup HS Vandals : RHP Jerry Francis
Batting: LHB Peter Hinchman 0-0: Ground out 5-3 (Groundball, 5S, EV 86.2 MPH)
Batting: LHB Bobby Potter 0-0: Called Strike
0-1: Foul Ball, location: 2F
0-2: Fly out, F8 (Flyball, 8RD, EV 93.8 MPH)
Batting: RHB Aiden Mero 0-0: Fly out, F7 (Flyball, 7LSF, EV 91.2 MPH)
Top of the 9th over - 0 runs, 0 hits, 0 errors, 0 left on base; Carroll HS 5 - Puyallup HS 0
BOTTOM OF THE 9TH
Puyallup HS Vandals batting - Pitching for Carroll HS Dragons : RHP Devin Nagy
Pinch Hitting: RHB Bailey Walter 0-0: Foul Ball, location: 2F
0-1: Ball
1-1: Ball
2-1: Swinging Strike
2-2: SINGLE (Groundball, 56D, EV 96.9 MPH)
Batting: RHB Treshawn Hanchett 0-0: Ball
1-0: SINGLE (Line Drive, 78M, EV 91.2 MPH)
Bailey Walter to second
Pinch Hitting: LHB Andy Graesser 0-0: Called Strike
0-1: DOUBLE (Line Drive, 89D, EV 90.0 MPH)
Bailey Walter scores
Treshawn Hanchett to third
Pitching: RHP Sky Naggenda
Now in RF: Nickolas Nichols
Pinch Hitting: RHB James Merta 0-0: Called Strike
0-1: Ball
1-1: Foul Ball, location: 2F
1-2: Foul Ball, location: 2F
1-2: Ground out 5-3 (Groundball, 56, EV 86.9 MPH)
Treshawn Hanchett scores
Batting: RHB Cody Dorman 0-0: Ball
1-0: Ball
2-0: Foul Ball, location: 2F
2-1: Foul Ball, location: 2F
2-2: Foul Ball, location: 2F
2-2: Ball
3-2: SINGLE (Line Drive, 6MD, EV 99.4 MPH)
Andy Graesser to third
Batting: SHB Bailey Walker 0-0: Ball
1-0: Ball
2-0: DOUBLE (Line Drive, 9LD, EV 111.2 MPH)
Andy Graesser scores
Cody Dorman to third
Batting: LHB Alec Boersen 0-0: Ball
1-0: Ball
2-0: Foul Ball, location: 2F
2-1: SINGLE (Groundball, 5D, EV 94.4 MPH)
Cody Dorman scores
Bailey Walker to third
Runner from 3rd tries for Home, SAFE, throw by LF to home
Batting: RHB Skyler Musso 0-0: Ball
1-0: Ball
2-0: SINGLE (Line Drive, 4D, EV 93.8 MPH)
Alec Boersen to second
Runner from 2nd tries for 3rd, OUT! 8-5
Batting: SHB Avery Moon 0-0: Called Strike
0-1: Ball
1-1: Ball
2-1: Ball
3-1: Foul Ball, location: 2F
3-2: SINGLE (Line Drive, 56, EV 108.8 MPH)
Skyler Musso to second
Skyler Musso to third
Batting: RHB Bailey Walter 0-0: Ball
1-0: Called Strike
1-1: Ball
2-1: Ball
3-1: Called Strike
3-2: Ground out 1-3 (Groundball, 13S, EV 70.6 MPH)
Bottom of the 9th over - 5 runs, 8 hits, 0 errors, 2 left on base; Carroll HS 5 - Puyallup HS 5
TOP OF THE 10TH
Carroll HS Dragons batting - Pitching for Puyallup HS Vandals : RHP Jerry Francis
Pitching: LHP Riley Hinkle
Now at 3B: Bailey Walter
Now at SS: J.R. LaField
Now in CF: Brian McNiel
Batting: LHB Marc Rennie 0-0: Called Strike
0-1: Foul Ball, location: 2F
0-2: SINGLE (Groundball, 6MS, EV 68.1 MPH) (infield hit)
Batting: RHB Kuran Tatsumi 0-0: Ball
1-0: Fielders Choice at 2nd, 1-6 (Groundball, 13S, EV 68.8 MPH)
Batting: RHB Zane Worsham 0-0: Ball
1-0: Called Strike
Kuran Tatsumi steals 2nd base
1-1: Intentional Walk
Batting: RHB Bradley Howard 0-0: Ball
1-0: Ball
2-0: Called Strike
2-1: SINGLE (Groundball, 6M, EV 102.5 MPH) (infield hit)
Kuran Tatsumi to third
Zane Worsham to second
Batting: RHB Ty Emanuel 0-0: Ball
1-0: Swinging Strike
1-1: Foul Ball, location: 2F
1-2: Foul Ball, location: 2F
1-2: Grounds into fielders choice 1-2 (Groundball, 13S, EV 76.9 MPH)
Zane Worsham to third
Bradley Howard to second
Batting: RHB Kyle Askin 0-0: Ball
1-0: Foul Ball, location: 2F
1-1: Fly out, F9 (Flyball, 9, EV 87.5 MPH)
Top of the 10th over - 0 runs, 2 hits, 0 errors, 3 left on base; Carroll HS 5 - Puyallup HS 5
BOTTOM OF THE 10TH
Puyallup HS Vandals batting - Pitching for Carroll HS Dragons : RHP Sky Naggenda
Pitching: LHP Jaeden DeVenny
Batting: RHB Treshawn Hanchett 0-0: Called Strike
0-1: Ball
1-1: Ball
2-1: Ball
3-1: Called Strike
3-2: Foul Ball, location: 2F
3-2: Strikes out swinging
Batting: LHB Brian McNiel 0-0: Called Strike
0-1: Ball
1-1: Foul Ball, location: 2F
1-2: Ball
2-2: Foul Ball, location: 2F
2-2: Foul Ball, location: 2F
2-2: SINGLE (Flyball, 78S, EV 91.2 MPH)
Batting: RHB J.R. LaField 0-0: Ball
Pickoff Throw to First - Out! 1-3
1-0: Ball
2-0: Ball
3-0: Called Strike
3-1: Base on Balls
Batting: RHB Cody Dorman 0-0: Foul Ball, location: 2F
0-1: Ball
1-1: Ball
2-1: SINGLE (Line Drive, 9S, EV 95.6 MPH)
J.R. LaField to second
Runner from 2nd tries for 3rd, SAFE, throw by RF made to third
Batting: SHB Bailey Walker 0-0: Ball
1-0: Called Strike
1-1: Ball
2-1: Ball
Cody Dorman steals 2nd base (no throw)
3-1: SINGLE (Line Drive, 34D, EV 102.5 MPH)
J.R. LaField scores
Bottom of the 10th over - 1 run, 3 hits, 0 errors, 2 left on base; Carroll HS 5 - Puyallup HS 6
Thursday, April 25th , 2024 - OOTP Baseball 23.10 Build 110